 Dungeon Crawl Stone Soup version 0.27.1-33-g824d729ab1 (webtiles) character file.

Game seed: 2418620441969619175

133 Descartes the Scratcher (level 4, -9/19 HPs)
             Began as a Felid Warper on Dec 21, 2021.
             Mangled by a gnoll (14 damage)
             ... on level 4 of the Dungeon.
             The game lasted 00:09:23 (4972 turns).

Descartes the Scratcher (Felid Warper)              Turns: 4972, Time: 00:09:23

Health: -9/19      AC:  1    Str:  8    XL:     4   Next: 94%
Magic:  8/8        EV:  9    Int: 14    God:
Gold:   122        SH:  0    Dex: 15    Spells: 5/7 levels left
                                        Lives:  0   Deaths: 1

rFire    . . .     SeeInvis +     - Unarmed
rCold    . . .     Faith    .   (shield unavailable)
rNeg     . . .     Spirit   .   (armour unavailable)
rPois    .         Reflect  .   (helmet unavailable)
rElec    .         Harm     .   (cloak unavailable)
rCorr    +         Rampage  .   (gloves unavailable)
Will     .....                  (boots unavailable)
Stlth    +.........             (no amulet)
HPRegen  0.06/turn              i - ring of resist corrosion
MPRegen  0.11/turn              (no ring)

@: held, quick
A: very small, claws 1, fangs 3, see invisible, speed 1, shaggy fur 1, stealthy
paws, no weapons or thrown items, no armour, multi-lived
a: no special abilities


You were on level 4 of the Dungeon.
You visited 1 branch of the dungeon, and saw 4 of its levels.

You collected 122 gold pieces.

Inventory:

Missiles
 c - 169 stones
Jewellery
 i - a ring of resist corrosion (left paw)
Wands
 h - a wand of charming (8)
Scrolls
 a - a scroll of blinking
 d - 2 scrolls of teleportation
 e - a scroll of enchant weapon {unknown}
 g - a scroll of amnesia {unknown}
 j - a scroll of brand weapon {unknown}
 l - a scroll of identify {unknown}
 m - a scroll of enchant armour {unknown}
Potions
 b - a potion of haste {unknown}
 f - 2 potions of lignification {unknown}
 k - a potion of berserk rage {unknown}
 n - a potion of ambrosia {unknown}
 o - a potion of curing {unknown}


   Skills:
 - Level 2.0 Fighting
 - Level 3.2 Dodging
 + Level 5.7 Unarmed Combat
 - Level 2.0 Spellcasting
 - Level 4.4 Translocations


You had 5 spell levels left.
You knew the following spells:

 Your Spells              Type           Power      Damage    Failure   Level
a - Blink                 Tloc           N/A        N/A       6%          2

Your spell library contained the following spells:

 Spells                   Type           Power      Damage    Failure   Level
 Gell's Gravitas          Tloc           6%         N/A       12%         3
 Lesser Beckoning         Tloc           6%         N/A       12%         3
 Teleport Other           Tloc           13%        N/A       12%         3
 Corpse Rot               Necr/Air       N/A        N/A       34%         2
 Poisonous Vapours        Pois/Air       2%         N/A       34%         2
 Manifold Assault         Tloc           13%        N/A       73%         5
 Freezing Cloud           Conj/Ice/Air   0%         6-21      100%        5


Dungeon Overview and Level Annotations

Branches:
Dungeon (4/15)
 Temple: D:4-7

Altars:
Hepliaklqana
Vehumet

Shops:
D:1 !

Annotations:
D:3 3 runed translucent doors, Sableheart's ghost, amateur DrFE; Sigmund


Innate Abilities, Weirdness & Mutations

You have sharp claws.
You have razor-sharp teeth.
You have supernaturally acute eyesight. (SInv)
You cover ground quickly. (Speed+)
You are covered in fur. (AC +1)
Your paws help you pounce on unaware monsters.
You are incapable of wielding weapons or throwing items.
You cannot wear armour.
You gain extra lives every three experience levels.


Message History

You open the door.
There is an open door here.
Found 13 gold pieces.
No target in view!
You now have 122 gold pieces (gained 13).
A gnoll comes into view. It is wielding a +0 flail.
The gnoll shouts! x2; You hear a shout!
The gnoll moves out of view.
The gnoll shouts!
The gnoll shouts!
You scratch the gnoll.
The gnoll is lightly wounded.
The gnoll misses you.
You scratch the gnoll but do no damage.
The gnoll is lightly wounded.
The gnoll hits you with a +0 club.
You claw the gnoll!
The gnoll is almost dead.
The gnoll closely misses you.
You scratch the gnoll but do no damage.
The gnoll is almost dead.
The gnoll hits you with a +0 flail!
* * * LOW HITPOINT WARNING * * *
You are too injured to fight recklessly!
You are too injured to fight recklessly!
You are too injured to fight recklessly!
You are too injured to fight recklessly!
You are too injured to fight recklessly!
You are too injured to fight recklessly!
You are too injured to fight recklessly!
There is a stone staircase leading up here.
The gnoll throws a throwing net.
The throwing net hits you.
You become entangled in the net!
There is a stone staircase leading up here.
You see here a throwing net.
You struggle against the net.
You struggle against the net.
The gnoll hits you from afar with a +0 halberd!
Ouch! That really hurt!
You die...

....................###..........
.......##......#....# #..).##....
......###......#...†# #....###..#
....................###....##....
...........................#.....
.................................
.........................##......
.........................##.##...
.......#...#..g.@........##.##..)
.......#......g.g...........#....
...........g................#....
......g#........)...........#....
.#....####.#.........####+#.#....
...... #...........###.........
...... .......................#
...... ###.......#..............
...... .'....................#.


You could see 4 gnolls.

Vanquished Creatures
  A necrophage (D:4)
  3 adders (D:3)
  An adder skeleton (D:4)
  A worm (D:2)
  A dart slug (D:3)
  4 ball pythons
  2 bats
  5 endoplasms
  4 giant cockroaches
  11 goblins
  11 hobgoblins
  2 jackals (D:1)
  3 kobolds
  3 quokkas
  5 frilled lizards
  4 rats
61 creatures vanquished.

Notes
Turn   | Place    | Note
-------+----------+-------------------------------------------
     0 | D:1      | Descartes the Felid Warper began the quest for the Orb.
     0 | D:1      | Reached XP level 1. HP: 9/9 MP: 4/4
   532 | D:1      | Reached XP level 2. HP: 10/13 MP: 6/6
   866 | D:1      | Reached skill level 3 in Unarmed Combat
  1120 | D:1      | Found Kirgh's Distillery.
  1238 | D:2      | Learned a level 2 spell: Blink
  1258 | D:2      | You fall into a shaft and drop 2 floors!
  1840 | D:3      | Reached XP level 3. HP: 12/16 MP: 7/7
  2218 | D:2      | Reached skill level 4 in Unarmed Combat
  2629 | D:2      | Found a hazy altar of Hepliaklqana.
  2713 | D:2      | Found a faded altar of an unknown god.
  2759 | D:2      | You fall into a shaft and drop 1 floor!
  3649 | D:3      | Reached XP level 4. HP: 11/19 MP: 8/8
  3946 | D:3      | Noticed Sigmund
  4643 | D:3      | Found a radiant altar of Vehumet.
  4661 | D:3      | Found a runed translucent gate.
  4663 | D:3      | Found a runed translucent gate.
  4754 | D:3      | Found a runed translucent gate.
  4754 | D:3      | Noticed Sableheart's ghost (amateur DrFE)
  4885 | D:4      | Noticed a necrophage
  4891 | D:4      | Slain by a necrophage
  4892 | D:4      | Reached XP level 3. HP: -3/15 MP: 7/7
  4917 | D:4      | Killed a necrophage
  4918 | D:4      | Reached skill level 5 in Unarmed Combat
  4918 | D:4      | Reached XP level 4. HP: 19/19 MP: 8/8
  4972 | D:4      | Mangled by a gnoll

Illustrated notes

Levels and vault maps discovered:
D:1:      nzn_arrival_crosshair, layout_loops_cross, serial_shops,
          nicolae_square_shop
D:2:      layout_loops_ring, basic_altar, shapermc_ecumenical_altar_ellora
D:3:      layout_loops_corners, nicolae_vehumet_radiance,
          ebering_ghost_rock_garden, uniq_sigmund
D:4:      layout_basic

Skill      XL: |  1  2  3 |
---------------+----------+-----
Unarmed Combat | 3 5 |  5.7
Fighting       | |  2.0
Dodging        | |  3.2
Spellcasting   | |  2.0
Translocations | |  4.4

Action                   |  1- 3 |  4- 6 || total
-------------------------+-------+-------++-------
Melee: Unarmed           |   159 |    48 ||   207
       Bite              |     9 |     4 ||    13
       Punch             |     4 |       ||     4
  Use: Scroll            |     1 |       ||     1
 Stab: Sleeping          |     3 |     1 ||     4
Armor: Skin              |     5 |       ||     5
Dodge: Dodged            |   116 |    26 ||   142
